 Dungeon Crawl Stone Soup version 0.27-a0-906-g0a00ce863d (webtiles) character file.

Game seed: 14051504643382161714

11 Alarkh the Insei (level 2, 18/22 HPs)
             Began as a Demonspawn Gladiator on Apr 7, 2021.
             Got out of the dungeon alive.
             The game lasted 00:00:47 (389 turns).

Alarkh the Insei (Demonspawn Gladiator)              Turns: 389, Time: 00:00:48

Health: 18/22      AC:  3    Str: 14    XL:     2   Next: 17%
Magic:  2/2        EV: 12    Int:  9    God:
Gold:   16         SH:  0    Dex: 14    Spells: 1/1 levels left

rFire    . . .     SeeInvis .     - Unarmed
rCold    . . .     Faith    .   (no shield)
rNeg     . . .     Spirit   .   a - +0 leather armour
rPois    .         Reflect  .   (helmet restricted)
rElec    .         Harm     .   (no cloak)
rCorr    .         Rampage  .   (no gloves)
Will     .....                  (no boots)
Stlth    +.........             (no amulet)
HPRegen  0.07/turn              (no ring)
MPRegen  0.08/turn              (no ring)

@: no status effects
A: antennae 1
a: no special abilities


You escaped.
You visited 1 branch of the dungeon, and saw 1 of its levels.

You collected 16 gold pieces.

Inventory:

Missiles
 c - 3 throwing nets (quivered)
 f - 17 poisoned darts
Armour
 a - a +0 leather armour (worn)
 b - a +0 helmet
Magical Staves
 e - a staff of earth
Scrolls
 d - 2 scrolls of teleportation {unknown}
 g - a scroll of magic mapping {unknown}
 h - a scroll of fear {unknown}


   Skills:
 + Level 2.3 Fighting
 - Level 1.7 Throwing
 - Level 2.6 Dodging
 * Level 3.1 Unarmed Combat


You had one spell level left.
You didn't know any spells.
Your spell library was empty.

Dungeon Overview and Level Annotations

Branches:
Dungeon (1/15)

Altars:

Shops:
D:1 [


Innate Abilities, Weirdness & Mutations

You have a pair of small antennae on your head.


Message History

You miss the goblin. The goblin hits you but does no damage.
You hit the goblin but do no damage. The goblin closely misses you.
You hit the goblin.
The goblin is severely wounded.
The goblin barely misses you.
You closely miss the goblin.
The goblin is severely wounded.
The giant cockroach bites you.
The giant cockroach bites you but does no damage.
The goblin barely misses you.
You closely miss the goblin.
The goblin is severely wounded.
The giant cockroach bites you but does no damage.
The goblin closely misses you.
You closely miss the goblin.
The goblin is severely wounded.
The giant cockroach bites you.
You hit the goblin.
You kill the goblin!
The giant cockroach bites you.
You hit the giant cockroach.
The giant cockroach is heavily wounded.
The giant cockroach bites you but does no damage.
You barely miss the giant cockroach.
You punch the giant cockroach, but do no damage.
The giant cockroach is heavily wounded.
The giant cockroach closely misses you.
You hit the giant cockroach.
You kill the giant cockroach!
No target in view!
No target in view!
You see here a rat corpse.
You enter the shallow water.
Moving in this stuff is going to be slow.
There is a large open door here.
There is a fountain of clear blue water here.
There is a large open door here.
There is a staircase leading out of the dungeon here.
Are you sure you want to leave the Dungeon?
This will make you lose the game!
You have escaped!

.....≈≈≈≈≈≈≈≈≈≈≈≈≈≈≈≈≈≈≈≈≈≈≈....
.....≈≈≈≈≈≈≈≈≈≈≈≈≈≈≈≈≈≈ ≈≈≈≈....#
#....≈≈≈≈≈≈≈≈≈≈≈≈≈≈≈≈≈ ≈≈≈≈....#
#....≈≈≈#'#+#≈≈≈≈≈≈≈# #≈≈≈....#
#....≈≈≈'>..##'###'## +≈≈≈.....
..)..≈≈≈'...#.......# +≈≈≈.....
.....≈≈≈#'###.#####.#+#+#≈≈≈.....
.....≈≈≈≈≈'...#...#...#≈≈≈≈....#.
.....≈≈≈≈≈#.###.@.'.⌠.'≈≈≈..⌠..#.
...$.≈≈≈≈≈#.###...'.⌠.'≈≈≈..⌠..#.
#....≈≈≈≈≈+...#...#...#≈≈≈≈.....)
#....≈≈≈#+###.#####.###'#≈≈≈....#
#†...≈≈≈+...'.......'...'≈≈≈....#
#....≈≈≈+...##'###+##...'≈≈≈...##
#....≈≈≈#+#'#≈≈≈≈≈≈≈#'#+#≈≈≈...#
#...†≈≈≈≈≈≈≈≈≈≈≈≈≈≈≈≈≈≈≈≈≈≈≈...#
#....≈≈≈≈≈≈≈≈≈≈≈≈≈≈≈≈≈≈≈≈≈≈≈...#


There were no monsters in sight!

Vanquished Creatures
  2 giant cockroaches (D:1)
  A goblin (D:1)
  2 hobgoblins (D:1)
  3 bats (D:1)
  A frilled lizard (D:1)
  A kobold (D:1)
  A rat (D:1)
11 creatures vanquished.

Notes
Turn   | Place    | Note
-------+----------+-------------------------------------------
     0 | D:1      | Alarkh the Demonspawn Gladiator began the quest for the
                  | Orb.
     0 | D:1      | Reached XP level 1. HP: 16/16 MP: 1/1
   121 | D:1      | Found Zupliy's Armour Boutique.
   298 | D:1      | Reached skill level 3 in Unarmed Combat
   317 | D:1      | Gained mutation: You have a pair of small antennae on your
                  | head. [demonic ancestry]
   317 | D:1      | Reached XP level 2. HP: 17/22 MP: 2/2
   389 | D:$      | Got out of the dungeon alive.

Illustrated notes

Levels and vault maps discovered:
D:1:      dpeg_arrival_castle, layout_basic, serial_shops, shop

Skill      XL: |  1 |
---------------+----+-----
Unarmed Combat | 3 |  3.1
Fighting       | |  2.3
Throwing       | |  1.7
Dodging        | |  2.6

Action                   || total
-------------------------++-------
Melee: Unarmed           ||    55
       Punch             ||     1
Armor: Leather armour    ||    25
Dodge: Dodged            ||    50

Table legend: (Time is in decaauts)
 A = Elapsed time spent in this place.
 B = Non-inter-level travel time spent in this place.
 C = Inter-level travel time spent in this place.
 D = Time resting spent in this place.
 E = Time spent auto-exploring this place.
 F = Levels seen in this place.
 G = Mean time per level.
                   A        B        C        D        E       F      G
               +--------+--------+--------+--------+--------+-----+--------+
         Total |    391 |    337 |     54 |      0 |    212 |   1 |  391.0 |
       Dungeon |    391 |    337 |     54 |      0 |    212 |   1 |  391.0 |
               +--------+--------+--------+--------+--------+-----+--------+

Top non-repeatable levels by time:
     D:1: 391 daAuts
